 Dungeon Crawl Stone Soup version 0.26-a0-491-g70697cc071 (webtiles) character file.

Game seed: 3919865320026004064

11090 ANON1729 the Covert (level 11, 0/106 HPs)
             Began as a Naga Delver on Aug 5, 2020.
             Was an Elder of Wu Jian.
             Hit by a large rock thrown by a stone giant (13 damage)
             ... on level 12 of the Dungeon.
             The game lasted 00:52:06 (13604 turns).

ANON1729 the Covert (Naga Delver)                  Turns: 13604, Time: 00:52:06

Health: 0/106      AC: 19    Str: 24    XL:     11   Next: 72%
Magic:  11/11      EV: 10    Int: 10    God:    Wu Jian [****..]
Gold:   635        SH:  0    Dex: 15    Spells: 10/10 levels left

rFire    . . .     SeeInvis +   f - +0 scimitar
rCold    + . .     Faith    .   (no shield)
rNeg     + . .     Spirit   .   N - +7 chain mail of Henotheism {rC+ Regen+ rCorr Str+2}
rPois    +         Reflect  .   (no helmet)
rElec    .         Harm     .   C - +2 cloak
rCorr    +                      (no gloves)
MR       +....                  (no barding)
Stlth    +++.......             (no amulet)
HPRegen  0.67/turn              i - ring of positive energy
MPRegen  0.12/turn              y - +6 ring of strength

@: exhausted, hasted, quick
A: large, see invisible, deformed body, poison resistance, slowness 2, spit
poison 1, AC +3
a: Spit Poison, Wall Jump, Serpent's Lash, Renounce Religion


You were on level 12 of the Dungeon.
You worshipped Wu Jian.
Wu Jian was greatly pleased with you.
You visited 2 branches of the dungeon, and saw 13 of its levels.

You collected 635 gold pieces.

Inventory:

Hand Weapons
 f - a +0 scimitar (weapon)
 p - a +2 dagger of freezing
 I - a +2 long sword of distortion
Missiles
 a - 4 silver boomerangs (quivered)
 h - 2 javelins
Armour
 C - a +2 cloak (worn)
 J - +0 steam dragon scales
 N - the +7 chain mail of Henotheism (worn) {rC+ Regen+ rCorr Str+2}
   (You found it on level 10 of the Dungeon)

   It affects your strength (+2).
   It protects you from cold.
   It increases your rate of regeneration.
   It provides partial protection from all sources of acid and corrosion.
Jewellery
 b - an uncursed amulet of guardian spirit
 i - a ring of positive energy (left hand)
 t - an uncursed amulet of the acrobat
 u - an uncursed amulet of regeneration
 x - an uncursed amulet of reflection
 y - a +6 ring of strength (right hand)
 D - an uncursed ring of resist corrosion
Wands
 g - a wand of digging (10)
 n - a wand of iceblast (2)
 r - a wand of random effects (32)
 B - a wand of flame (10)
 P - a wand of acid (6)
Scrolls
 d - 2 scrolls of magic mapping
 e - 2 scrolls of fear
 m - a scroll of amnesia {unknown}
 s - 2 scrolls of enchant armour
 w - 9 scrolls of remove curse
 E - a scroll of immolation {unknown}
 G - a scroll of enchant weapon
 O - 3 scrolls of identify
Potions
 j - 5 potions of curing
 k - a potion of resistance {unknown}
 l - 2 potions of flight {unknown}
 o - 2 potions of cancellation {unknown}
 q - 3 potions of heal wounds {unknown}
 v - 2 potions of mutation {unknown}
 z - a potion of magic {unknown}
 A - 2 potions of lignification
 F - 3 potions of ambrosia {unknown}
 H - a potion of brilliance {unknown}
 K - 2 potions of haste
 L - a potion of degeneration {unknown}


   Skills:
 + Level 9.4 Fighting
 + Level 9.0 Long Blades
 * Level 4.1 Armour
 + Level 7.5 Dodging
 + Level 14.6 Stealth


You had 10 spell levels left.
You didn't know any spells.
Your spell library contained the following spells:

 Spells                   Type           Power        Failure   Level
 Summon Small Mammal      Summ           #...         95%         1
 Call Imp                 Summ           #.......     99%         2
 Call Canine Familiar     Summ           #.......     100%        3
 Summon Guardian Golem    Hex/Summ       #.......     100%        3
 Summon Ice Beast         Ice/Summ       #.......     100%        4
 Summon Lightning Spire   Summ/Air       #.......     100%        4
 Summon Demon             Summ           #.........   100%        5
 Summon Forest            Summ/Tloc      #.........   100%        5
 Summon Mana Viper        Hex/Summ       #.......     100%        5
 Shadow Creatures         Summ           N/A          100%        6
 Summon Hydra             Summ           #.........   100%        7


Dungeon Overview and Level Annotations

Branches:
Dungeon (12/15)            Temple (1/1) D:4            Lair (0/6) D:11
    Orc (0/2) D:10

Altars:
Cheibriados
Makhleb
Nemelex Xobeh
Okawaru
Sif Muna
Vehumet
Wu Jian
Xom
Yredelemnul
The Shining One

Annotations:
D:2 1 runed translucent door, Crazy Yiuf
D:12 exclusion: obsidian statue


Innate Abilities, Weirdness & Mutations

You cannot wear boots.
Your serpentine skin is tough. (AC +3)
You have supernaturally acute eyesight. (SInv)
Armour fits poorly on your strangely shaped body.
Your system is resistant to poisons. (rPois)
You cover ground very slowly.
You can spit poison.


Message History

The slime creature changes into a merfolk!
The stone giant throws a large rock.
The large rock barely misses you.
Okay, then.
Okay, then.
Press: ? - help, v - describe, . - travel
Here: a flayed ghost (water) Some deep water.
Press: ? - help, v - describe, . - travel
Here: a storm dragon (catching its breath)
The floor.
Okay, then.
As you read the scroll labeled ZUCRUHU GEHE, it crumbles to dust.
It is a scroll of enchant weapon.
Your +1 long sword of distortion glows red for a moment.
As you read the scroll labeled NOREDE VENNUNK, it crumbles to dust.
Wisps of shadow whirl around you...
It was a scroll of summoning.
You swap places.
The stone giant throws a large rock.
The large rock barely misses your freezing wraith.
The large rock hits you!
You die...

#..§§§#......# #≈≈
#....≈####...# ####≈.
#....≈≈≈≈##...# ##≈≈≈≈.
#....C≈≈≈≈##... ##≈≈≈≈≈.
##.†..≈≈≈≈≈#... #≈≈≈≈≈.[
#....D≈≈≈≈# #≈≈≈≈≈..
#.z..p(≈W≈########≈≈≈≈...
##.....Wm≈≈≈≈≈≈≈≈≈≈≈≈....
#.W....@≈≈≈≈≈≈≈≈≈≈≈.....
##......Y.≈≈≈≈≈≈≈.......
##......(..≈≈≈........#
###................###
####..........####
#################### ###
#.......>...# #..# #..
#...........# #..# #..
#...........# #..# #..


You could see a storm dragon, a stone giant, a flayed ghost, a merfolk shaped
shifter, a friendly death knight (summoned), a friendly skeletal warrior
(summoned), 2 friendly freezing wraiths and a friendly sky beast (summoned).

Vanquished Creatures
  An unseen horror (D:10)
  An ugly thing (D:11)
  A cyclops (D:11)
  A manticore (D:11)
  A black mamba (shapeshifter) (D:12)
  A gargoyle (D:11)
  Maggie (D:8)
  A hornet (D:11)
  A hippogriff (D:11)
  A slime creature (D:12)
  2 shadows
  5 yaks (D:9)
  A vampire (D:10)
  2 wyverns (D:11)
  4 vampire mosquitoes (D:12)
  A soldier ant (D:11)
  2 wargs (D:11)
  2 black bears
  3 ice beasts
  7 orc warriors
  3 sky beasts
  A necrophage (D:8)
  4 ogres
  2 eyes of draining (D:10)
  3 centaurs
  7 bullfrogs
  5 killer bees (D:7)
  3 scorpions
  4 wights (D:10)
  2 electric eels (D:12)
  5 howler monkeys
  A bullfrog zombie (D:5)
  8 hounds
  4 jellies
  9 orc priests
  2 centaur skeletons
  4 bullfrog skeletons
  Ijyb (D:4)
  3 iguanas
  7 worker ants
  15 orc wizards
  A hound zombie (D:6)
  A hound skeleton (D:8)
  A worker ant zombie (D:5)
  6 gnolls
  9 adders
  A shadow imp (D:10)
  5 white imps
  3 ufetubi
  An ooze (D:1)
  A worm (D:3)
  A dart slug (D:2)
  6 leopard geckos
  42 orcs
  A ball python (D:1)
  8 giant cockroaches
  2 gnoll zombies (D:4)
  9 goblins
  8 hobgoblins
  6 jackals
  3 kobolds
  A quokka (D:3)
  7 bats
  2 frilled lizards
  A leopard gecko skeleton (D:6)
  A quokka skeleton (D:8)
  3 rats
262 creatures vanquished.

Vanquished Creatures (others)
  An orc (D:8)
1 creature vanquished.

Grand Total: 263 creatures vanquished

Notes
Turn   | Place    | Note
-------+----------+-------------------------------------------
     0 | D:5      | ANON1729 the Naga Delver began the quest for the Orb.
     0 | D:5      | Reached XP level 1. HP: 21/21 MP: 1/1
    34 | D:5      | Noticed a worker ant
    42 | D:5      | Killed a worker ant
    42 | D:5      | Reached XP level 2. HP: 28/28 MP: 2/2
    42 | D:5      | Reached XP level 3. HP: 34/34 MP: 3/3
   243 | D:5      | Noticed an ogre
   256 | D:5      | Noticed an ice beast
   675 | D:6      | Reached XP level 4. HP: 42/42 MP: 4/4
   687 | D:6      | Noticed an ogre
   816 | D:6      | Reached skill level 8 in Stealth
   971 | D:6      | Reached XP level 5. HP: 49/50 MP: 5/5
  1210 | D:6      | Noticed an orc warrior
  1744 | D:5      | Reached XP level 6. HP: 53/57 MP: 6/6
  2297 | D:4      | Noticed Ijyb
  2315 | D:4      | Killed Ijyb
  2475 | D:4      | Reached skill level 9 in Stealth
  2550 | D:4      | Reached XP level 7. HP: 41/66 MP: 7/7
  2739 | D:4      | Found a basalt altar of Yredelemnul.
  2826 | D:4      | Found a staircase to the Ecumenical Temple.
  2860 | Temple   | Entered the Ecumenical Temple
  2868 | Temple   | Became a worshipper of the Wu Jian Council
  3103 | D:3      | Reached skill level 5 in Fighting
  3590 | D:3      | Found a sparkling altar of Nemelex Xobeh.
  3598 | D:3      | Found a snail-covered altar of Cheibriados.
  3602 | D:3      | Found a burning altar of Makhleb.
  3603 | D:3      | Found a shimmering blue altar of Sif Muna.
  3813 | D:2      | Reached * piety under Wu Jian
  3854 | D:2      | You fall into a shaft and drop 2 floors!
  4056 | D:2      | Found a glowing golden altar of the Shining One.
  4233 | D:2      | Found a runed translucent door.
  4234 | D:2      | Noticed Crazy Yiuf
  4991 | D:5      | Reached XP level 8. HP: 37/74 MP: 8/8
  5741 | D:7      | Reached skill level 10 in Stealth
  5832 | D:7      | Found a radiant altar of Vehumet.
  6099 | D:7      | Reached skill level 5 in Long Blades
  6153 | D:7      | Reached ** piety under Wu Jian
  6612 | D:7      | Reached skill level 11 in Stealth
  6910 | D:6      | Reached XP level 9. HP: 59/84 MP: 9/9
  7039 | D:6      | Reached skill level 5 in Dodging
  7398 | D:6      | Found an iron altar of Okawaru.
  7498 | D:8      | Noticed Maggie
  7952 | D:8      | Reached *** piety under Wu Jian
  8157 | D:8      | Reached skill level 12 in Stealth
  8179 | D:8      | Killed Maggie
  8814 | D:9      | Reached XP level 10. HP: 70/94 MP: 7/10
  9989 | D:9      | Reached skill level 13 in Stealth
 10030 | D:10     | Entered Level 10 of the Dungeon
 10201 | D:10     | Noticed an unseen horror
 10236 | D:10     | Killed an unseen horror
 10933 | D:10     | Found a staircase to the Orcish Mines.
 11409 | D:10     | Got an encrusted chain mail
 11580 | D:10     | Identified the +7 chain mail of Henotheism {rC+ Regen+
                  | rCorr Str+2} (You found it on level 10 of the Dungeon)
 11688 | D:11     | Noticed a cyclops
 11689 | D:11     | Noticed a manticore
 12252 | D:11     | Reached skill level 1 in Armour
 12314 | D:11     | Reached XP level 11. HP: 42/104 MP: 11/11
 12448 | D:11     | Found a staircase to the Lair.
 12449 | D:11     | Noticed a purple ugly thing
 12573 | D:11     | Paralysed by a hornet for 1 turns
 12672 | D:11     | Reached skill level 14 in Stealth
 12843 | D:11     | Reached **** piety under Wu Jian
 12865 | D:11     | Killed a purple ugly thing
 12927 | D:11     | Killed a manticore
 13073 | D:11     | Killed a cyclops
 13360 | D:12     | Noticed an obsidian statue
 13584 | D:12     | Noticed a mana viper
 13584 | D:12     | a merfolk changed into a mana viper
 13586 | D:12     | Noticed a stone giant
 13587 | D:12     | Noticed a flayed ghost
 13590 | D:12     | Noticed a sea snake
 13590 | D:12     | a mana viper changed into a sea snake
 13592 | D:12     | a sea snake changed into a slime creature
 13594 | D:12     | Noticed a storm dragon
 13604 | D:12     | Hit by a large rock thrown by a stone giant

Illustrated notes

Levels and vault maps discovered:
D:1:      dpeg_arrival_three_bigger_balls, layout_basic,
          minmay_misc_feat_columns, chequers_serial_rivers_small_3,
          chequers_serial_rivers_room_b
D:2:      layout_rooms, tso_metal_star, uniq_crazy_yiuf_cottage
D:3:      layout_rooms, minitemple, lemuel_flame_loot_1
D:4:      layout_basic, lemuel_zombie_altar_yredelemnul,
          minmay_temple_entry_trees, uniq_ijyb
D:5:      layout_layer_cave, hex_large
D:6:      layout_basic, okawaru_altar_gauntlet_db, minmay_misc_feat_ornament
D:7:      layout_cave_pods, vehumet_altar_wand_db
D:8:      layout_loops_ring, uniq_maggie
D:9:      layout_basic
D:10:     layout_basic, orc_0_dummy
D:11:     layout_irregular_city, erik_lair_orcish_takeover, minmay_checkerbox
D:12:     cross_vault, layout_small_grid, minmay_more_statues
Temple:   dpeg_chambers_temple

Skill      XL: |  1  2  3  4  5  6  7  8  9 10 11 |
---------------+----------------------------------+-----
Dodging        | 2 3 4 5 7 |  7.5
Stealth        | 8 9 11 12 13 14 | 14.6
Long Blades    | 3 4 5 7 8 9 |  9.0
Fighting       | 4 5 6 7 8 9 |  9.4
Armour         | 1 4 |  4.1

Action                   |  1- 3 |  4- 6 |  7- 9 | 10-12 || total
-------------------------+-------+-------+-------+-------++-------
Melee: Falchion          |    12 |    91 |   305 |       ||   408
       Dagger            |       |    11 |       |       ||    11
       Scimitar          |       |       |   156 |   469 ||   625
Throw: Javelin           |     2 |     4 |     7 |       ||    13
       Boomerang         |       |       |     1 |    17 ||    18
Invok: Lunge             |       |       |    33 |    24 ||    57
       Whirlwind         |       |       |    14 |    97 ||   111
       Serpent's Lash    |       |       |       |     3 ||     3
 Abil: Spit Poison       |     4 |    13 |    56 |    18 ||    91
       Wall Jump         |       |       |     5 |    11 ||    16
Evoke: Wand              |       |     1 |    15 |     3 ||    19
  Use: Potion            |     1 |       |     2 |     1 ||     4
       Scroll            |       |       |     8 |     5 ||    13
 Stab: Sleeping          |       |     4 |    21 |    15 ||    40
       Distracted        |       |       |     2 |     1 ||     3
Armor: Leather armour    |     4 |       |    61 |       ||    65
       Ring mail         |       |    30 |    89 |       ||   119
       Skin              |       |       |     1 |       ||     1
       Steam dragon scal |       |       |    10 |    47 ||    57
       Chain mail        |       |       |       |   140 ||   140
Dodge: Dodged            |     5 |    67 |   255 |   238 ||   565
Block: Other             |       |       |    42 |       ||    42
       Reflection        |       |       |     5 |       ||     5
       Rpst.: Falchion   |     2 |    20 |    54 |       ||    76
       Scimitar          |       |       |    28 |    72 ||   100

Table legend: (Time is in decaauts)
 A = Elapsed time spent in this place.
 B = Non-inter-level travel time spent in this place.
 C = Inter-level travel time spent in this place.
 D = Time resting spent in this place.
 E = Time spent auto-exploring this place.
 F = Levels seen in this place.
 G = Mean time per level.
                   A        B        C        D        E       F      G
               +--------+--------+--------+--------+--------+-----+--------+
         Total |  17043 |  15599 |   1444 |   3763 |   8616 |  13 | 1311.0 |
       Dungeon |  17020 |  15576 |   1444 |   3763 |   8616 |  12 | 1418.3 |
        Temple |     22 |     22 |      0 |      0 |      0 |   1 |   22.0 |
               +--------+--------+--------+--------+--------+-----+--------+

Top non-repeatable levels by time:
     D:6: 2495 daAuts
    D:10: 2148 daAuts
     D:9: 1978 daAuts
     D:5: 1976 daAuts
     D:7: 1563 daAuts
    D:11: 1342 daAuts
     D:4: 1316 daAuts
     D:8: 1299 daAuts
     D:3: 954 daAuts
     D:1: 788 daAuts
     D:2: 664 daAuts
    D:12: 491 daAuts
  Temple: 22 daAuts
